 Dungeon Crawl Stone Soup version 0.30.0-19-gbf45117a57 (webtiles) character file.

Game seed: 3255942250527514084

604 qw the Chopper (level 7, -1/43 HPs)
             Began as a Gargoyle Fighter on May 23, 2023.
             Slain by a gnoll
             ... wielding a +0 flail
             ... led by a gnoll bouda
              (5 damage)
             ... on level 5 of the Dungeon.
             The game lasted 00:01:31 (3631 turns).

qw the Chopper (Gargoyle Fighter)                   Turns: 3631, Time: 00:01:31

Health: -1/43      AC: 18    Str: 21    XL:     7   Next: 42%
Magic:  7/7        EV:  5    Int:  9    God:
Gold:   346        SH:  0    Dex: 12    Spells: 6/6 levels left

rFire   . . .        p - +1 broad axe (vamp)
rCold   x . .        c - +0 buckler
rNeg    + . .        j - +3 scale mail "Mywoahau" {rC- Will+ Regen+ Dex+3}
rPois   inf          n - +0 helmet
rElec   +            (no cloak)
rCorr   .            m - +0 pair of gloves
SInv    .            (no boots)
Will    +....        (no amulet) Stlth
                     (no ring)
HPRegen 1.07/turn    (no ring)
MPRegen 0.10/turn

%: no passive effects
@: about to teleport, weakened, held
A: sickness immunity, AC +4, negative energy resistance 1, electricity
resistance, torment resistance 1, petrification resistance, talons 1, iridescent
scales 1, sense surroundings 1
a: no special abilities


You were on level 5 of the Dungeon.
You visited 1 branch of the dungeon, and saw 5 of its levels.
You also visited: Sewer.

You collected 346 gold pieces.


Innate Abilities, Weirdness & Mutations

You are immune to sickness and miasma.
Your stone body is resilient. (AC +4)
You are immune to poison.
You resist negative energy. (rN+)
You are resistant to electric shocks. (rElec)
You are resistant to unholy torment.
You are immune to petrification.
You have sharp toenails.
You are partially covered in iridescent scales. (AC +2)
You passively map a small area around you.


   Skills:
 - Level 4.0 Fighting
 + Level 6.3 Axes
 - Level 2.3 Throwing
 - Level 3.2 Armour
 - Level 1.0 Dodging
 - Level 3.2 Shields


You had 6 spell levels left.
You didn't know any spells.
Your spell library was empty.

Inventory:

Hand Weapons
 h - a +0 whip
 p - a +1 vampiric broad axe (weapon)
Armour
 c - a +0 buckler (worn)
 j - the +3 scale mail "Mywoahau" (worn) {rC- Will+ Regen+ Dex+3}
   (You found it on level 2 of the Dungeon)

   Dex:       It affects your dexterity (+3).
   rC:        It makes you vulnerable to cold.
   Regen:     It increases your rate of health regeneration.
   Will:      It increases your willpower.
 k - a +4 ring mail
 m - a +0 pair of gloves (worn)
 n - a +0 helmet (worn)
Jewellery
 a - the ring "Poloddesk" {Ice Int+4}
   (You acquired it on level 2 of the Dungeon)

   [ring of ice]

   It enhances your ice magic.
   Int:       It affects your intelligence (+4).
   rF:        It makes you vulnerable to fire.
   rC:        It protects you from cold.
 b - an amulet of guardian spirit
 o - a ring of ice
Wands
 q - a wand of digging (3)
Scrolls
 g - 2 scrolls of identify
Potions
 d - a potion of might
 f - a potion of cancellation
 i - a potion of haste
 l - 2 potions of curing
 u - a potion of lignification

Dungeon Overview and Level Annotations

Branches:
Dungeon (5/15)              Sewer (visited)
 Temple: D:4-7

Altars:

Shops:
D:4 (


Message History

You closely miss the orc priest. You slash the gnoll!
The gnoll closely misses you.
The gnoll bouda gazes fiercely through you!
You feel your attacks grow feeble. You block the orc priest's attack.
You closely miss the gnoll.
The gnoll is severely wounded.
You closely miss the orc priest.
The gnoll throws a throwing net.
The throwing net hits you.
You become entangled in the net!
The gnoll hits you but does no damage.
The gnoll bouda barks out a call to the hunt!
The gnolls pick up the pace!
The orc priest barely misses you.
A gnoll comes into view. It is wielding a +0 club.
The gnoll hits you but does no damage.
The orc priest mumbles some strange prayers to Beogh against you.
Beogh smites you!
You struggle against the net.
The gnoll hits you with a +0 flail.
The gnoll bouda hits you but does no damage.
The orc priest hits you but does no damage.
The adder bites you but does no damage.
The gnoll hits you from afar with a +2 halberd of holy wrath!
The gnoll hits you but does no damage. The adder barely misses you.
The orc priest barely misses you.
You struggle against the net.
The gnoll hits you but does no damage. The adder bites you but does no damage.
The gnoll bouda barely misses you. The orc priest hits you with a +0 whip.
The gnoll hits you with a +0 flail.
The gnoll hits you from afar with a +2 halberd of holy wrath.
The adder bites you but does no damage. The gnoll closely misses you.
The gnoll bouda hits you but does no damage.
The orc priest hits you with a +0 whip. The gnoll hits you with a +0 club.
3631 ||| READING scroll of teleportation.
As you read the scroll of teleportation, it crumbles to dust.
You feel strangely unstable. The adder bites you but does no damage.
The gnoll hits you from afar with a +2 halberd of holy wrath.
The gnoll hits you with a +0 flail.
You die...

* * #+ #.....+ , ,
.............##....#,
.....!.............+
*
#...........####=###,
#..........# #..# ,
,, #.......$..# #.##
, #..........####.#*
, ,
#.....g....#....## ,
, .().).g@g........#
, ......o.S........#
.######g.........# ,
#..........#
#....######.# ,
#....# .# * .......,
.# ,.......##* ##
,........,,


You could see a gnoll bouda, an orc priest, 3 gnolls and an adder.

Vanquished Creatures
  Eustachio (D:4)
  A water moccasin (Sewer)
  An ogre (D:3)
  An orc priest (D:4)
  2 iguanas (D:4)
  An orc wizard (D:3)
  5 adders
  3 river rats (D:3)
  3 dart slugs
  10 orcs
  7 ball pythons
  5 endoplasms
  4 giant cockroaches
  4 goblins
  12 hobgoblins
  2 jackals (D:4)
  5 quokkas
  11 bats
  4 frilled lizards
  6 kobolds
  2 rats
90 creatures vanquished.

Notes
Turn   | Place    | Note
-------+----------+-------------------------------------------
     0 | D:1      | qw the Gargoyle Fighter began the quest for the Orb.
     0 | D:1      | Reached XP level 1. HP: 14/14 MP: 1/1
     0 | D:1      | 0 ||| qw: Version: 0.2-a-98-g5d7165a
     0 | D:1      | 0 ||| qw: Game counter: 33
     0 | D:1      | 0 ||| qw: Always use a shield: true
     0 | D:1      | 0 ||| qw: God list: Okawaru
     0 | D:1      | 0 ||| qw: Allow faded altars: false
     0 | D:1      | 0 ||| qw: Do Orc after D:15 true
     0 | D:1      | 0 ||| qw: Do second Lair branch before Depths: true
     0 | D:1      | 0 ||| qw: Lair rune preference: random
     0 | D:1      | 0 ||| qw: Plans: Normal, Zot:1-4, God:TSO, Crypt, Tomb,
                  | Pan, Slime:5, Hells, Abyss, Win
     0 | D:1      | 0 ||| PLANNING D:1-11
    84 | D:1      | Reached skill level 2 in Axes
   177 | D:1      | Reached XP level 2. HP: 10/19 MP: 2/2
   750 | D:1      | 750 ||| UPGRADING to +0 pair of gloves.
   755 | D:1      | 755 ||| DROPPING ring of magical power.
   756 | D:1      | 756 ||| READING scroll labelled XECUALI LAPRU.
   757 | D:1      | 757 ||| READING 4 scrolls labelled GOAWUE XOIDGHESI.
   758 | D:1      | 758 ||| READING scroll labelled HURPHO YTAEK.
   759 | D:1      | 759 ||| READING 3 scrolls of identify.
   759 | D:1      | 759 ||| IDENTIFYING bubbling orange potion
   760 | D:1      | 760 ||| READING 2 scrolls of identify.
   760 | D:1      | 760 ||| IDENTIFYING orange potion
   761 | D:1      | 761 ||| DROPPING potion of berserk rage.
   816 | D:2      | 816 ||| STAIRDANCE
   895 | D:2      | 895 ||| Stepping ~*~*~tactically~*~*~ (stealth).
   896 | D:2      | 896 ||| Stepping ~*~*~tactically~*~*~ (stealth).
   906 | D:2      | Reached skill level 3 in Axes
   987 | D:2      | Reached XP level 3. HP: 23/23 MP: 3/3
  1076 | D:2      | 1076 ||| Stepping ~*~*~tactically~*~*~ (hiding).
  1087 | D:2      | 1087 ||| Stepping ~*~*~tactically~*~*~ (stealth).
  1324 | D:2      | Reached XP level 4. HP: 28/28 MP: 4/4
  1354 | D:2      | Identified the +3 scale mail "Mywoahau" {rC- Will+ Regen+
                  | Dex+3}
  1791 | D:2      | 1791 ||| UPGRADING to +3 scale mail "Mywoahau" {rC- Will+
                  | Regen+ Dex+3}.
  1801 | D:2      | 1801 ||| UPGRADING to +0 helmet.
  1806 | D:2      | 1806 ||| READING scroll labelled SUT CACLOTROI.
  1807 | D:2      | 1807 ||| READING scroll labelled MUJE QET WUAME.
  1807 | D:2      | Identified a scroll of acquirement
  1807 | D:2      | 1807 ||| ACQUIRING ring "Poloddesk" {Ice Int+4}
  1807 | D:2      | Acquired the ring "Poloddesk" {Ice Int+4}
  1809 | D:2      | 1809 ||| READING scroll labelled YCSIET EN OLY.
  1810 | D:2      | 1810 ||| READING scroll labelled EFIUMU EROS.
  1811 | D:2      | 1811 ||| DRINKING 2 bubbling golden potions.
  1811 | D:2      | Gained mutation: Your spells are a little harder to cast,
                  | but a little more powerful. [potion of mutation]
  1811 | D:2      | Gained mutation: You occasionally lose the ability to read
                  | scrolls when taking damage. [potion of mutation]
  1812 | D:2      | 1812 ||| DRINKING potion of mutation.
  1812 | D:2      | Lost mutation: You occasionally lose the ability to read
                  | scrolls when taking damage. [potion of mutation]
  1812 | D:2      | Lost mutation: Your spells are a little harder to cast, but
                  | a little more powerful. [potion of mutation]
  1812 | D:2      | Gained mutation: You are partially covered in iridescent
                  | scales. (AC +2) [potion of mutation]
  1812 | D:2      | Gained mutation: You passively map a small area around you.
                  | [potion of mutation]
  1812 | D:2      | Gained mutation: You have sharp toenails. [potion of
                  | mutation]
  1813 | D:2      | 1813 ||| DRINKING 2 white potions.
  1814 | D:2      | 1814 ||| READING 2 scrolls of identify.
  1814 | D:2      | 1814 ||| IDENTIFYING clear potion
  1838 | D:3      | 1838 ||| PLANNING SEWER
  1849 | D:3      | Reached skill level 4 in Axes
  1852 | D:3      | Found a glowing drain.
  1866 | D:3      | Reached skill level 1 in Dodging
  1871 | Sewer    | Entered a sewer
  1903 | Sewer    | Noticed a water moccasin
  1914 | Sewer    | Killed a water moccasin
  1915 | Sewer    | Reached skill level 5 in Axes
  1915 | Sewer    | Reached XP level 5. HP: 32/32 MP: 5/5
  1958 | D:3      | 1958 ||| PLANNING D:1-11
  2162 | D:3      | Noticed an ogre
  2165 | D:3      | Killed an ogre
  2166 | D:3      | Reached XP level 6. HP: 37/37 MP: 6/6
  2300 | D:3      | 2300 ||| DROPPING +0 club.
  2399 | D:3      | 2399 ||| READING scroll of acquirement.
  2399 | D:3      | 2399 ||| ACQUIRING +1 vampiric broad axe
  2399 | D:3      | Acquired a +1 vampiric broad axe
  2401 | D:3      | 2401 ||| SWAPPING to +1 vampiric broad axe.
  2402 | D:3      | 2402 ||| DROPPING +0 war axe.
  2492 | D:3      | 2492 ||| READING scroll labelled WIYDEI YGUMA.
  2525 | D:4      | Found Oxtulol's Weapon Shop.
  2534 | D:4      | 2534 ||| SHOPLISTING +5 flail of Dissatisfaction {flame,
                  | rElec} (453 gold, have 281).
  2848 | D:4      | Noticed Eustachio
  2871 | D:4      | Killed Eustachio
  2872 | D:4      | Reached skill level 6 in Axes
  2872 | D:4      | Reached XP level 7. HP: 40/43 MP: 7/7
  2907 | D:4      | Identified the +2 dagger "Diva" {flame, rElec Str+3 Int+2}
  3375 | D:4      | 3375 ||| Stepping ~*~*~tactically~*~*~ (hiding).
  3383 | D:4      | 3383 ||| Stepping ~*~*~tactically~*~*~ (stealth).
  3388 | D:4      | 3388 ||| Stepping ~*~*~tactically~*~*~ (stealth).
  3389 | D:4      | 3389 ||| Stepping ~*~*~tactically~*~*~ (stealth).
  3532 | D:4      | 3532 ||| DROPPING +0 scale mail.
  3533 | D:4      | 3533 ||| READING scroll labelled ETE VEARENICAOWUO.
  3534 | D:4      | 3534 ||| READING scroll labelled ALIQAU IRUMNILU.
  3535 | D:4      | 3535 ||| DRINKING 2 viscous cyan potions.
  3592 | D:5      | Entered Level 5 of the Dungeon
  3630 | D:5      | HP: 9/43 [gnoll/+2 halberd of holy wrath[a gnoll bouda]
                  | (4)]
  3631 | D:5      | 3631 ||| READING scroll of teleportation.
  3631 | D:5      | HP: 4/43 [gnoll/+2 halberd of holy wrath[a gnoll bouda]
                  | (3)]
  3631 | D:5      | Slain by a gnoll

Levels and vault maps discovered:
D:1:      saegor_arrival_simple_c, layout_loops_ring, bh_walls_and_bars
D:2:      layout_basic, serial_bayou_lagoon_b
D:3:      layout_loops_ring, portal_sewer_entry_a, eino_tiny_chamber
D:4:      layout_basic, serial_shops, shop, uniq_eustachio
D:5:      layout_basic, kennysheep_mini, nicolae_overflow_hidden_temple,
          ebering_ghost_sewer_f

Skill      XL: |  1  2  3  4  5  6 |
---------------+-------------------+-----
Axes           | 2 3 5 6 |  6.3
Dodging        | 1 |  1.0
Throwing       | 2 |  2.3
Fighting       | 4 |  4.0
Armour         | |  3.2
Shields        | |  3.2

Action                     |  1- 3 |  4- 6 |  7- 9 || total
---------------------------+-------+-------+-------++-------
  Melee: War axe           |   116 |    65 |       ||   181
         Kick              |       |    12 |     1 ||    13
         Broad axe         |       |    28 |    15 ||    43
  Throw: Javelin           |       |    33 |    13 ||    46
    Use: Scroll            |     5 |     7 |     3 ||    15
         Potion            |       |     3 |     1 ||     4
 Armour: Scale mail        |    84 |    92 |    16 ||   192
  Dodge: Dodged            |    56 |    54 |     9 ||   119
  Block: Buckler           |    27 |    31 |     3 ||    61

Table legend:
 A = Non-vault XP
 B = Vault XP
 C = Vault XP percentage of total XP
 D = Non-vault monster count
 E = Vault monster count
 F = Vault count percentage of total count
                 A         B        C        D         E       F
            +---------+---------+-------+---------+---------+-------
      Total |     464 |     399 |  46.2 |      77 |      13 |  14.4
            +---------+---------+-------+---------+---------+-------
        D:1 |      15 |       0 |   0.0 |      10 |       0 |   0.0
        D:2 |      85 |       0 |   0.0 |      27 |       0 |   0.0
        D:3 |     174 |      44 |  20.2 |      15 |       6 |  28.6
        D:4 |     165 |     203 |  55.2 |      20 |       1 |   4.8
        D:5 |      25 |       0 |   0.0 |       5 |       0 |   0.0
      Sewer |       0 |     152 | 100.0 |       0 |       6 | 100.0
            +---------+---------+-------+---------+---------+-------
